 Dungeon Crawl Stone Soup version 0.22-a0-480-g991dd4b (webtiles) character file.

27 Darkshadow the Chopper (level 3, -2/33 HPs)
             Began as a Hill Orc Monk on June 15, 2018.
             Slain by an adder (5 damage)
             ... on level 2 of the Dungeon.
             The game lasted 00:04:27 (1173 turns).

Darkshadow the Chopper (Hill Orc Monk)              Turns: 1173, Time: 00:04:27

Health: -2/33      AC:  2    Str: 14    XL:     3   Next: 10%
Magic:  3/3        EV: 13    Int: 10    God:
Gold:   61         SH:  0    Dex: 13    Spells: 2/2 levels left

rFire    . . .     SeeInvis .   a - +0 hand axe
rCold    . . .     Gourm    .   (no shield)
rNeg     . . .     Faith    .   l - +0 robe
rPois    .         Spirit   .   (no helmet)
rElec    .         Reflect  .   (no cloak)
rCorr    .         Harm     .   (no gloves)
MR       .....                  (no boots)
Stlth    ++........             (no amulet)
HPRegen  0.11/turn              (no ring)
MPRegen  0.08/turn              (no ring)

@: lethally poisoned (-2 -> -8)
A: no striking features
a: no special abilities


You were on level 2 of the Dungeon.
You were hungry.

You visited 1 branch of the dungeon, and saw 2 of its levels.

You collected 61 gold pieces.

Inventory:

Hand Weapons
 a - a +0 hand axe (weapon)
 b - a +0 hunting sling
Missiles
 d - 40 stones (quivered)
 j - 12 sling bullets
Armour
 l - a +0 robe (worn)
Scrolls
 f - 2 scrolls of identify {unknown}
 g - 2 scrolls of remove curse {unknown}
 i - a scroll of noise {unknown}
Potions
 e - 2 potions of berserk rage {unknown}
 h - a potion of agility {unknown}
 k - a potion of curing {unknown}
Comestibles
 c - a ration


   Skills:
 + Level 4.1 Fighting
 * Level 5.1 Axes
 - Level 2.4 Dodging
 - Level 1.5 Stealth


You had 2 spell levels left.
You didn't know any spells.
Your spell library was empty.

Dungeon Overview and Level Annotations

Branches:
Dungeon (2/15)

Altars:

Annotations:
D:2 Sigmund


Message History

The adder is heavily wounded.
You feel sick. The adder barely misses you.
You barely miss the adder.
The adder is heavily wounded.
You feel sick. The adder bites you.
* * * LOW HITPOINT WARNING * * *
The adder completely misses you.
You hit the adder but do no damage.
The adder is heavily wounded.
The adder bites you.
* * * LOW HITPOINT WARNING * * *
You hit the adder.
The adder is heavily wounded.
* * * LOW HITPOINT WARNING * * *
You feel sick. The adder bites you but does no damage.
You hit the adder.
The adder is almost dead.
* * * LOW HITPOINT WARNING * * *
You feel sick. The adder bites you.
You die...

#((....# #......#
#......# ###......#
##### .........#
#####...# ........(#
#.......# #.....S.#
#......#
#....@†####.....##
#..!............#
#......####...#.######
######.# #...#.......
#.# #...#....... #.#
#....#.......
#.##.....#.......
#.#...#####......
[...#. #<.....


You could see an adder.

Vanquished Creatures
  A dart slug (D:1)
  2 leopard geckos
  3 bats (D:1)
  A giant cockroach (D:1)
  A goblin (D:1)
  3 hobgoblins (D:1)
  4 jackals (D:1)
  2 kobolds (D:1)
  A frilled lizard (D:1)
  2 rats (D:1)
20 creatures vanquished.

Vanquished Creatures (others)
  5 toadstools (D:1)
5 creatures vanquished.

Grand Total: 25 creatures vanquished

Notes
Turn   | Place    | Note
-------+----------+-------------------------------------------
     0 | D:1      | Darkshadow the Hill Orc Monk began the quest for the Orb.
     0 | D:1      | Reached XP level 1. HP: 19/19 MP: 1/1
   328 | D:2      | Noticed Sigmund
   372 | D:1      | Reached XP level 2. HP: 22/27 MP: 2/2
   877 | D:1      | Reached skill level 5 in Axes
   912 | D:1      | Reached XP level 3. HP: 33/33 MP: 3/3
  1173 | D:2      | Slain by an adder

Vault maps used:
D:1:      ldierk_walled_garden
D:2:      uniq_sigmund

Skill      XL: |  1  2 |
---------------+-------+-----
Fighting       | 4 |  4.1
Axes           | 5 |  5.1
Dodging        | |  2.4
Stealth        | |  1.5

Action                   || total
-------------------------++-------
Melee: Hand axe          ||    73
 Fire: Hunting sling     ||    13
Throw: Stone             ||    11
Armor: Robe              ||    23
Dodge: Dodged            ||    68

Table legend:
 A = Spawn XP
 B = Non-spawn XP
 C = Spawn XP percentage of total XP
 D = Spawn monster count
 E = Non-spawn monster count
 F = Spawn count percentage of total count
 G = Total turns spent on level
                    A         B        C        D         E        F      G
               +---------+---------+-------+---------+---------+-------+---------
         Total |       0 |      39 |   0.0 |       0 |      20 |   0.0 |  1173
               +---------+---------+-------+---------+---------+-------+---------
           D:1 |       0 |      36 |   0.0 |       0 |      19 |   0.0 |  1123
           D:2 |       0 |       3 |   0.0 |       0 |       1 |   0.0 |    50
               +---------+---------+-------+---------+---------+-------+---------
